 Dungeon Crawl Stone Soup version 0.29-a0-892-g2c4c91d9db (webtiles) character file.

Game seed: 4873130511473341700

122880 sanka the Skirmisher (level 16, -14/126 HPs)
             Began as a Gnoll Conjurer on July 21, 2022.
             Was an Elder of Ashenzari.
             Killed from afar by Arachne (28 damage)
             ... with a bolt of poison
             ... on level 3 of the Spider Nest on July 22, 2022.
             The game lasted 01:43:00 (42910 turns).

sanka the Skirmisher (Gnoll Conjurer)              Turns: 42910, Time: 01:43:01

Health: -14/126    AC: 16    Str:  7    XL:     16   Next: 88%
Magic:  32/32      EV: 12    Int: 25    God:    Ashenzari [****..]
Gold:   2272       SH:  0    Dex: 11    Spells: 11/40 levels left

rFire   . . .      SeeInvis +   a - +1 demon trident (elec)
rCold   . . .      Faith    .   (no shield)
rNeg    . . .      Spirit   .   I - +2 robe of Ashenzari's Lethargy {Archmagi, Elem, Fort} (curse)
rPois   .          Reflect  .   (no helmet)
rElec   .          Harm     .   N - +2 cloak of the Chained Augur {rCorr, Evo, Elem} (curse)
rCorr   +          Rampage  .   S - +0 pair of gloves "Sibylline Embarrassment" {Fort, Elem} (curse)
Will    +....      Archmagi +   r - +0 pair of boots of the Visionary Heresy {Melee, Evo} (curse)
Stlth   +++++..... Clarity  +   R - amulet of the Bound Fallacy {Acrobat, Elem, Melee} (curse)
HPRegen 0.31/turn               X - ring "Prescient Syndicalism" {EV+4, Alch, Elem} (curse)
MPRegen 0.23/turn               m - ring of the Manifest Secrets {AC+4, Comp, Elem} (curse)

@: brilliant, lethally poisoned (-14 -> -62), held, studying Ranged Weapons
A: fangs 1, strong nose, distributed training
a: Renounce Religion, Shatter the Chains


You were on level 3 of the Spider Nest.
You worshipped Ashenzari.
Ashenzari was greatly pleased with you.
You visited 5 branches of the dungeon, and saw 26 of its levels.
You also visited: Sewer and Ossuary.

You collected 3023 gold pieces.
You spent 751 gold pieces at shops.


Innate Abilities, Weirdness & Mutations

You have very sharp teeth.
Your uncanny sense of smell can sniff out nearby items.
Your experience applies equally to all skills.


   Skills:
 + Level 11.6 Fighting
 + Level 11.6(14.5) Short Blades
 + Level 11.6(14.5) Long Blades
 + Level 11.6(14.5) Axes
 + Level 11.6(14.5) Maces & Flails
 + Level 11.6(14.5) Polearms
 + Level 11.6(14.5) Staves
 + Level 14.7 Ranged Weapons
 + Level 11.6 Throwing
 + Level 11.6(14.5) Armour
 + Level 12.4 Dodging
 + Level 12.3 Stealth
 + Level 11.6(14.5) Shields
 + Level 11.6(14.5) Unarmed Combat
 + Level 12.6 Spellcasting
 + Level 12.0 Conjurations
 + Level 9.8 Hexes
 + Level 9.8(11.8) Summonings
 + Level 9.8(11.8) Necromancy
 + Level 9.8 Translocations
 + Level 9.8(11.8) Transmutations
 + Level 9.8(16.0) Fire Magic
 + Level 9.8(16.0) Ice Magic
 + Level 9.8(16.0) Air Magic
 + Level 9.8(16.0) Earth Magic
 + Level 9.8(11.8) Poison Magic
 + Level 12.6 Invocations
 + Level 11.6(14.5) Evocations


You had 11 spell levels left.
You knew the following spells:

 Your Spells              Type           Power      Damage    Failure   Level
c - Stone Arrow           Conj/Erth      100%       3d13      1%          3
u - Starburst             Conj/Fire      57%        6d15      1%          6
y - Poisonous Vapours     Pois/Air       100%       N/A       1%          2
z - Magic Dart            Conj           100%       1d8       1%          1
C - Statue Form           Tmut/Erth      75%        N/A       1%          6
N - Passwall              Tmut/Erth      94%        N/A       1%          2
X - Lee's Rapid Deconstr  Erth           60%        3d29*     1%          5
Z - Fulminant Prism       Conj/Hex       51%        3d23      1%          4

Your spell library contained the following spells:

 Spells                   Type           Power      Damage    Failure   Level
 Foxfire                  Conj/Fire      100%       2x1d9     0%          1
 Freeze                   Ice            100%       1d11      0%          1
 Sandblast                Erth           100%       2d20      0%          1
 Shock                    Conj/Air       100%       1d9       0%          1
 Frozen Ramparts          Ice            100%       1d12      0%          3
 Ozocubu's Armour         Ice            100%       N/A       0%          3
 Swiftness                Air            100%       N/A       0%          3
 Apportation              Tloc           100%       N/A       1%          1
 Slow                     Hex            100%       N/A       1%          1
 Sting                    Tmut/Pois      100%       1d8       1%          1
 Searing Ray              Conj           100%       2d8       1%          2
 Confusing Touch          Hex            98%        N/A       1%          3
 Conjure Flame            Conj/Fire      100%       6-21      1%          3
 Dazzling Flash           Conj/Hex       100%       N/A       1%          3
 Inner Flame              Hex/Fire       100%       N/A       1%          3
 Mephitic Cloud           Conj/Pois/Air  100%       N/A       1%          3
 Summon Guardian Golem    Hex/Summ       100%       N/A       1%          3
 Tukima's Dance           Hex            98%        N/A       1%          3
 Anguish                  Hex/Necr       51%        N/A       1%          4
 Animate Armour           Summ/Erth      100%       N/A       1%          4
 Cause Fear               Hex            49%        N/A       1%          4
 Flame Wave               Conj/Fire      100%       2d17      1%          4
 Hailstorm                Conj/Ice       100%       3d20      1%          4
 Ice Form                 Ice/Tmut       100%       N/A       1%          4
 Iskenderun's Mystic Bla  Conj/Tloc      100%       2d19      1%          4
 Leda's Liquefaction      Hex/Erth       55%        N/A       1%          4
 Olgreb's Toxic Radiance  Pois           100%       N/A       1%          4
 Passage of Golubria      Tloc           98%        N/A       1%          4
 Petrify                  Tmut/Erth      100%       N/A       1%          4
 Summon Ice Beast         Ice/Summ       100%       N/A       1%          4
 Agony                    Necr           100%       N/A       1%          5
 Alistair's Intoxication  Tmut/Pois      70%        N/A       1%          5
 Borgnjor's Vile Clutch   Necr/Erth      56%        N/A       1%          5
 Metabolic Englaciation   Hex/Ice        55%        N/A       1%          5
 Silence                  Hex/Air        55%        N/A       1%          5
 Summon Mana Viper        Hex/Summ       100%       N/A       1%          5
 Yara's Violent Unravell  Hex/Tmut       51%        3d20      1%          5
 Simulacrum               Ice/Necr       56%        N/A       1%          6
 Eringya's Noxious Bog    Tmut/Pois      53%        N/A       4%          6
 Dispersal                Tloc           49%        N/A       11%         6
 Orb of Destruction       Conj           53%        9d13      22%         7
 Spellforged Servitor     Conj/Summ      53%        N/A       24%         7
 Monstrous Menagerie      Summ           53%        N/A       26%         7
 Enfeeble                 Hex            49%        N/A       50%         7
 Lehudib's Crystal Spear  Conj/Erth      57%        10d13     61%         8
 Summon Horrible Things   Summ           53%        N/A       89%         8
 Discord                  Hex            49%        N/A       99%         8
 Disjunction              Tloc           49%        N/A       99%         8

Inventory:

Hand Weapons
 a - a +1 demon trident of electrocution (weapon)
 b - a +1 dagger of venom
Missiles
 J - 3 curare-tipped darts {=f}
Armour
 r - the cursed +0 pair of boots of the Visionary Heresy (worn) {Melee, Evo}

   It has a curse which improves the following skills: Melee Combat: Short
   Blades, Long Blades, Axes, Maces & Flails, Polearms, Staves and Unarmed
   Combat.
   Evocations: Evocations.
 I - the cursed +2 robe of Ashenzari's Lethargy (worn) {Archmagi, Elem, Fort}

   It has a curse which improves the following skills: Elements: Fire Magic, Ice
   Magic, Air Magic and Earth Magic.
   Fortitude: Armour and Shields.
 N - the cursed +2 cloak of the Chained Augur (worn) {rCorr, Evo, Elem}

   It has a curse which improves the following skills: Evocations: Evocations.
   Elements:  Fire Magic, Ice Magic, Air Magic and Earth Magic.
 P - a +0 kite shield
 S - the cursed +0 pair of gloves "Sibylline Embarrassment" (worn) {Fort, Elem}

   It has a curse which improves the following skills: Fortitude: Armour and
   Shields.
   Elements:  Fire Magic, Ice Magic, Air Magic and Earth Magic.
Jewellery
 m - the cursed ring of the Manifest Secrets (right hand) {AC+4, Comp, Elem}

   [ring of protection]

   AC:        It affects your AC (+4).
   It has a curse which improves the following skills: Companions: Summonings
   and Necromancy.
   Elements:  Fire Magic, Ice Magic, Air Magic and Earth Magic.
 R - the cursed amulet of the Bound Fallacy (around neck) {Acrobat, Elem, Melee}

   [amulet of the acrobat]

   It increases your evasion while moving and waiting.
   It has a curse which improves the following skills: Elements: Fire Magic, Ice
   Magic, Air Magic and Earth Magic.
   Melee Combat: Short Blades, Long Blades, Axes, Maces & Flails, Polearms,
   Staves and Unarmed Combat.
 X - the cursed ring "Prescient Syndicalism" (left hand) {EV+4, Alch, Elem}

   [ring of evasion]

   EV:        It affects your evasion (+4).
   It has a curse which improves the following skills: Alchemy: Poison Magic and
   Transmutations.
   Elements:  Fire Magic, Ice Magic, Air Magic and Earth Magic.
Wands
 s - a wand of iceblast (19)
 u - a wand of polymorph (5)
 B - a wand of paralysis (30)
 O - a wand of flame (6)
 Z - a wand of quicksilver (2)
Scrolls
 d - 10 scrolls of teleportation {@r4}
 f - 6 scrolls of fear
 j - 3 scrolls of vulnerability {!r}
 k - 5 scrolls of poison {!r}
 l - 10 scrolls of enchant weapon
 n - 3 scrolls of amnesia
 q - 2 scrolls of silence {!r}
 y - 4 scrolls of summoning
 z - 2 scrolls of magic mapping
 D - 4 scrolls of blinking
 G - 7 scrolls of fog
 H - 7 scrolls of immolation {!r}
 M - 4 scrolls of torment {!r}
Potions
 c - 4 potions of heal wounds {@q2}
 e - 9 potions of haste {@q3}
 g - a potion of magic
 h - 5 potions of berserk rage {!q}
 i - 7 potions of attraction {!q}
 p - 11 potions of curing {@q1}
 t - a potion of cancellation
 v - 3 potions of flight
 x - 8 potions of brilliance
 A - 5 potions of ambrosia
 E - 4 potions of resistance
 F - 2 potions of might
 K - 6 potions of mutation {!q}
 L - 2 potions of invisibility
Miscellaneous
 o - a tin of tremorstones (2/2)
 w - a box of beasts
 C - a lightning rod (4/4)
 U - a condenser vane

Dungeon Overview and Level Annotations

Branches:
Dungeon (15/15)            Temple (1/1) D:7            Lair (5/5) D:8
 Shoals (0/4) Lair:3       Spider (3/4) Lair:3        Slime (0/5) Lair:5
    Orc (2/2) D:12            Elf (0/3) Orc:2        Vaults (0/5) D:14
 Depths (0/4) D:15          Sewer (visited)         Ossuary (visited)

Altars:
Ashenzari
Cheibriados
Dithmenos
Elyvilon
Fedhas
Gozag
Hepliaklqana
Kikubaaqudgha
Makhleb
Nemelex Xobeh
Okawaru
Qazlal
Ru
Sif Muna
Trog
Uskayaw
Vehumet
Wu Jian
Xom
Yredelemnul
Zin
The Shining One

Shops:
D:7 =   D:15 (*=*   Orc:1 ([!**   Orc:2 [!!(

Portals:
Hell: Lair:5

Annotations:
Spider:2 1 runed translucent door, Vorhees's ghost, adept TrGl
Spider:3 Arachne

, , ,, , ░ , ░░ ░
░ ░. , ░ , ░▒^ ░
░░ ░ ░▒.. , , ,^
▒..░░ ░░ ,, ,,
▒▒..▒▒▒▒▒░ ▒ ░ ░
,░ ▒▒...^▒▒▒▒..▒▒
░ ,, , ░ ░
.^....†gH....▒░
░, ░░
......Hs☼.....▒ ,
░ ,
.......s....... ,
░
..s............,
^,.............^.
░ , ░ ░░
,,.............▒.
░ ░ ,,,, , ░░ ,
,...............
,, ,
............▒.▒ ,
, ^ ,, , ░ ░ ░ ,
,


You could see Arachne, a jorogumo, a wolf spider, a culicivora and a jumping
spider.


Message History

The wolf spider poisons you! The jumping spider pounces on you.
* * * LOW HITPOINT WARNING * * *
You are even more entangled.
The jumping spider bites you but does no damage.
Arachne hits you with a staff of poison!!
* * * LOW HITPOINT WARNING * * *
Arachne envenoms you.
* * * LOW HITPOINT WARNING * * *
You are more poisoned.
Unknown command.
You feel yourself speed up.
* * * LOW HITPOINT WARNING * * *
You feel extremely sick.
The jumping spider pounces on you but does no damage.
The jumping spider bites you but does no damage.
The wolf spider hits you but does no damage.
The wolf spider bites you.
* * * LOW HITPOINT WARNING * * *
Arachne hits you with a staff of poison.
* * * LOW HITPOINT WARNING * * *
Arachne envenoms you!!
* * * LOW HITPOINT WARNING * * *
You are more poisoned.
The jorogumo barely misses you.
The jumping spider leaps!
Arachne casts a spell at you. The bolt of poison hits you!!
You are more poisoned.
You die...

Action                   |  1- 3 |  4- 6 |  7- 9 | 10-12 | 13-15 | 16-18 || total
-------------------------+-------+-------+-------+-------+-------+-------++-------
Melee: Unarmed           |    10 |       |       |       |       |    38 ||    48
       Bite              |     1 |     3 |    23 |    11 |    51 |    32 ||   121
       Hand axe          |       |    25 |       |       |       |       ||    25
       Whip              |       |    28 |   162 |   109 |       |       ||   299
       Punch             |       |       |     6 |     7 |    39 |    16 ||    68
       Demon trident     |       |       |       |    13 |   402 |   157 ||   572
       Dagger            |       |       |       |       |    54 |    16 ||    70
Throw: Dart              |       |       |       |     1 |       |       ||     1
 Cast: Magic Dart        |    57 |    76 |     7 |       |     5 |       ||   145
       Searing Ray       |     2 |     9 |     3 |     2 |       |       ||    16
       Stone Arrow       |       |     6 |    90 |   206 |   457 |       ||   759
       Fulminant Prism   |       |       |    14 |    37 |    54 |       ||   105
       Poisonous Vapours |       |       |       |    10 |    12 |       ||    22
       Starburst         |       |       |       |       |    38 |    69 ||   107
       Lee's Rapid Decon |       |       |       |       |    11 |    57 ||    68
       Statue Form       |       |       |       |       |       |     3 ||     3
Invok: Curse Item        |       |       |       |     6 |     2 |     1 ||     9
       Shatter the Chain |       |       |       |     1 |     1 |       ||     2
  Use: Scroll            |       |       |    11 |     1 |     3 |     1 ||    16
       Potion            |       |       |       |       |     1 |     9 ||    10
 Stab: Sleeping          |       |       |     1 |     2 |     2 |     5 ||    10
       Distracted        |       |       |       |       |     1 |     1 ||     2
Armor: Robe              |     2 |    27 |    39 |    53 |    31 |    77 ||   229
       Troll leather arm |       |       |       |    14 |   128 |       ||   142
       Skin              |       |       |       |       |       |    42 ||    42
Dodge: Dodged            |     6 |    66 |   103 |   189 |   622 |   345 ||  1331

Levels and vault maps discovered:
D:1:      eino_arrival_cavern_a, layout_basic,
          shapermc_ecumenical_altar_mp_highgroup
D:2:      layout_rooms
D:3:      layout_rooms, grunt_ministairs_14, kennysheep_cross_room,
          interstate_on_off, minmay_puff
D:4:      layout_cave_pools
D:5:      layout_rooms
D:6:      layout_layer_cave, general_overflow_altar,
          mainiacjoe_overflow_surrounded_room, gup_sewer_entry_bowl,
          enter_ossuary_4
D:7:      layout_gridville, amcnicky_altar_gilded,
          pdpol_wu_jian_five_deadly_venoms, nicolae_vehumet_altar_sigil,
          minmay_temple_entry_statues_pillars, serial_co_window_serial,
          co_window_corner_a, co_window_corner_a, co_window_of_opportunity_a,
          co_window_corner_a, co_window_cross_1, co_window_corner_ca,
          co_window_unsneaky_path_b, co_window_corner_b, co_window_corner_b,
          glass_columns_b, glass_columns_b, serial_shops, shop, uniq_joseph
D:8:      layout_loops_ring, mainiacjoe_overflow_catwalk, david_lair_generic
D:9:      layout_roguey, lemuel_mausoleum_altar_kikubaaqudgha, fedhas_altar_4,
          uniq_maurice
D:10:     nicolae_hexawheel, layout_irregular_city,
          mainiacjoe_overflow_brackets, kennysheep_nondescript
D:11:     layout_roguey
D:12:     layout_rooms, orc_0_dummy, uniq_fannar
D:13:     layout_loops_ring
D:14:     cheibrodos_leafed_vault, layout_stronghold, david_vaults_4,
          nicolae_concentric_dashed_squares_mild
D:15:     gammafunk_enter_depths_forms, layout_loops_corners, serial_shops,
          shop, nicolae_shop_waterfront, nicolae_shop_hallway_stairs, shop,
          led_sif_book
Temple:   hellmonk_temple_forest_ring
Lair:1:   layout_regular_city, minivault_25, chequers_serial_rivers_micro_a,
          uniq_urug
Lair:2:   layout_long_grid, infiniplex_staircase_pool
Lair:3:   layout_hall_layers, minmay_shoals_entry_lonely_mermaid,
          spider_nest_entry_funnel_web, nzn_random_ring, grunt_megastairs_5,
          lemuel_fruit_tree, lemuel_fruit_fields, serial_bayou_shore_b
Lair:4:   layout_roguey, disabler_island
Lair:5:   evil_forest, layout_regular_city, slime_entry_1
Spider:1: layout_chambers, nicolae_spider_not_touching_you
Spider:2: layout_cave_pods, hellmonk_ghost_happy_afterlife,
          nicolae_spider_spiderdrome
Spider:3: layout_cave_pods, drop_trap, hangedman_spider_tarantella_strand,
          uniq_arachne
Orc:1:    layout_diamond_mine, serial_shops, shop, shop,
          nicolae_shop_temple_entry_statues_fountains,
          nicolae_shop_temple_entry_statues_fountains, basic_altar,
          nicolae_shop_clearance
Orc:2:    st_orc_open, layout_caves, guppyfry_library_mini, uniq_erolcha

Notes
Turn   | Place    | Note
-------+----------+-------------------------------------------
     0 | D:1      | sanka the Gnoll Conjurer began the quest for the Orb.
     0 | D:1      | Reached XP level 1. HP: 13/13 MP: 6/6
   153 | D:1      | Reached XP level 2. HP: 19/19 MP: 1/7
   241 | D:1      | Found a faded altar of an unknown god.
  1052 | D:1      | Reached skill level 5 in Spellcasting
  1052 | D:1      | Reached XP level 3. HP: 25/25 MP: 6/9
  1310 | D:2      | Reached skill level 1 in Invocations
  1358 | D:2      | Reached skill level 1 in Fighting
  1358 | D:2      | Reached skill level 1 in Short Blades
  1358 | D:2      | Reached skill level 1 in Long Blades
  1358 | D:2      | Reached skill level 1 in Axes
  1358 | D:2      | Reached skill level 1 in Maces & Flails
  1358 | D:2      | Reached skill level 1 in Polearms
  1358 | D:2      | Reached skill level 1 in Staves
  1358 | D:2      | Reached skill level 1 in Ranged Weapons
  1358 | D:2      | Reached skill level 1 in Throwing
  1358 | D:2      | Reached skill level 1 in Armour
  1358 | D:2      | Reached skill level 1 in Shields
  1358 | D:2      | Reached skill level 1 in Unarmed Combat
  1358 | D:2      | Reached skill level 1 in Evocations
  1384 | D:1      | Learned a level 2 spell: Searing Ray
  1522 | D:2      | Reached XP level 4. HP: 32/32 MP: 4/11
  1937 | D:2      | Reached skill level 1 in Hexes
  1937 | D:2      | Reached skill level 1 in Summonings
  1937 | D:2      | Reached skill level 1 in Necromancy
  1937 | D:2      | Reached skill level 1 in Translocations
  1937 | D:2      | Reached skill level 1 in Transmutations
  1937 | D:2      | Reached skill level 1 in Fire Magic
  1937 | D:2      | Reached skill level 1 in Ice Magic
  1937 | D:2      | Reached skill level 1 in Air Magic
  1937 | D:2      | Reached skill level 1 in Earth Magic
  1937 | D:2      | Reached skill level 1 in Poison Magic
  2467 | D:3      | Reached XP level 5. HP: 28/37 MP: 1/12
  3369 | D:4      | Reached skill level 2 in Invocations
  3369 | D:4      | Reached XP level 6. HP: 44/44 MP: 7/13
  3520 | D:4      | Reached skill level 2 in Fighting
  3520 | D:4      | Reached skill level 2 in Short Blades
  3520 | D:4      | Reached skill level 2 in Long Blades
  3520 | D:4      | Reached skill level 2 in Axes
  3520 | D:4      | Reached skill level 2 in Maces & Flails
  3520 | D:4      | Reached skill level 2 in Polearms
  3520 | D:4      | Reached skill level 2 in Staves
  3520 | D:4      | Reached skill level 2 in Ranged Weapons
  3520 | D:4      | Reached skill level 2 in Throwing
  3520 | D:4      | Reached skill level 2 in Armour
  3520 | D:4      | Reached skill level 5 in Dodging
  3520 | D:4      | Reached skill level 2 in Shields
  3520 | D:4      | Reached skill level 2 in Unarmed Combat
  3520 | D:4      | Reached skill level 2 in Evocations
  3759 | D:4      | Learned a level 3 spell: Stone Arrow
  4011 | D:5      | Entered Level 5 of the Dungeon
  4021 | D:5      | Noticed a water moccasin
  4025 | D:5      | Reached XP level 7. HP: 50/50 MP: 6/15
  4030 | D:5      | Reached skill level 2 in Hexes
  4030 | D:5      | Reached skill level 2 in Summonings
  4030 | D:5      | Reached skill level 2 in Necromancy
  4030 | D:5      | Reached skill level 2 in Translocations
  4030 | D:5      | Reached skill level 2 in Transmutations
  4030 | D:5      | Reached skill level 2 in Fire Magic
  4030 | D:5      | Reached skill level 2 in Ice Magic
  4030 | D:5      | Reached skill level 2 in Air Magic
  4030 | D:5      | Reached skill level 2 in Earth Magic
  4030 | D:5      | Reached skill level 2 in Poison Magic
  4201 | D:5      | Reached skill level 5 in Stealth
  4293 | D:5      | Reached skill level 3 in Invocations
  4524 | D:5      | Reached skill level 3 in Fighting
  4524 | D:5      | Reached skill level 3 in Short Blades
  4524 | D:5      | Reached skill level 3 in Long Blades
  4524 | D:5      | Reached skill level 3 in Axes
  4524 | D:5      | Reached skill level 3 in Maces & Flails
  4524 | D:5      | Reached skill level 3 in Polearms
  4524 | D:5      | Reached skill level 3 in Staves
  4524 | D:5      | Reached skill level 3 in Ranged Weapons
  4524 | D:5      | Reached skill level 3 in Throwing
  4524 | D:5      | Reached skill level 3 in Armour
  4524 | D:5      | Reached skill level 3 in Shields
  4524 | D:5      | Reached skill level 3 in Unarmed Combat
  4524 | D:5      | Reached skill level 3 in Evocations
  4524 | D:5      | Reached XP level 8. HP: 58/58 MP: 5/16
  4706 | D:5      | Reached skill level 6 in Spellcasting
  4811 | D:5      | Learned a level 4 spell: Fulminant Prism
  4814 | D:5      | Learned a level 2 spell: Poisonous Vapours
  5299 | D:6      | Found a sand-covered staircase.
  5315 | Ossuary  | Entered an ossuary
  5582 | D:6      | Reached skill level 3 in Hexes
  5582 | D:6      | Reached skill level 3 in Summonings
  5582 | D:6      | Reached skill level 3 in Necromancy
  5582 | D:6      | Reached skill level 3 in Translocations
  5582 | D:6      | Reached skill level 3 in Transmutations
  5582 | D:6      | Reached skill level 3 in Fire Magic
  5582 | D:6      | Reached skill level 3 in Ice Magic
  5582 | D:6      | Reached skill level 3 in Air Magic
  5582 | D:6      | Reached skill level 3 in Earth Magic
  5582 | D:6      | Reached skill level 3 in Poison Magic
  5582 | D:6      | Reached skill level 4 in Invocations
  5642 | D:6      | Reached skill level 6 in Dodging
  5674 | D:6      | Found a glowing drain.
  5853 | Sewer    | Entered a sewer
  5974 | Sewer    | Reached XP level 9. HP: 63/65 MP: 5/18
  6142 | Sewer    | Reached skill level 4 in Fighting
  6142 | Sewer    | Reached skill level 4 in Short Blades
  6142 | Sewer    | Reached skill level 4 in Long Blades
  6142 | Sewer    | Reached skill level 4 in Axes
  6142 | Sewer    | Reached skill level 4 in Maces & Flails
  6142 | Sewer    | Reached skill level 4 in Polearms
  6142 | Sewer    | Reached skill level 4 in Staves
  6142 | Sewer    | Reached skill level 4 in Ranged Weapons
  6142 | Sewer    | Reached skill level 4 in Throwing
  6142 | Sewer    | Reached skill level 4 in Armour
  6142 | Sewer    | Reached skill level 4 in Shields
  6142 | Sewer    | Reached skill level 4 in Unarmed Combat
  6142 | Sewer    | Reached skill level 4 in Evocations
  6826 | D:6      | Reached skill level 6 in Stealth
  6826 | D:6      | Reached skill level 8 in Conjurations
  6951 | D:6      | Found a shimmering altar of Xom.
  6973 | D:6      | Found a basalt altar of Yredelemnul.
  7431 | D:7      | Found Jipimobi's Jewellery Emporium.
  7550 | D:7      | Found a staircase to the Ecumenical Temple.
  7578 | Temple   | Entered the Ecumenical Temple
  7763 | D:7      | Found a radiant altar of Vehumet.
  8051 | D:7      | Noticed Joseph
  8056 | D:7      | Killed Joseph
  8057 | D:7      | Reached skill level 5 in Invocations
  8156 | D:7      | Found a broken altar of Ashenzari.
  8349 | D:7      | Reached skill level 7 in Spellcasting
  8436 | D:7      | Found an ornate altar of the Wu Jian Council.
  8451 | D:7      | Reached skill level 4 in Hexes
  8451 | D:7      | Reached skill level 4 in Summonings
  8451 | D:7      | Reached skill level 4 in Necromancy
  8451 | D:7      | Reached skill level 4 in Translocations
  8451 | D:7      | Reached skill level 4 in Transmutations
  8451 | D:7      | Reached skill level 4 in Fire Magic
  8451 | D:7      | Reached skill level 4 in Ice Magic
  8451 | D:7      | Reached skill level 4 in Air Magic
  8451 | D:7      | Reached skill level 4 in Earth Magic
  8451 | D:7      | Reached skill level 4 in Poison Magic
  8760 | D:7      | Became a worshipper of Ashenzari the Shackled
  8951 | D:7      | Learned a level 2 spell: Passwall
  9630 | D:7      | Reached skill level 5 in Fighting
  9630 | D:7      | Reached skill level 5 in Short Blades
  9630 | D:7      | Reached skill level 5 in Long Blades
  9630 | D:7      | Reached skill level 5 in Axes
  9630 | D:7      | Reached skill level 5 in Maces & Flails
  9630 | D:7      | Reached skill level 5 in Polearms
  9630 | D:7      | Reached skill level 5 in Staves
  9630 | D:7      | Reached skill level 5 in Ranged Weapons
  9630 | D:7      | Reached skill level 5 in Throwing
  9630 | D:7      | Reached skill level 5 in Armour
  9630 | D:7      | Reached skill level 5 in Shields
  9630 | D:7      | Reached skill level 5 in Unarmed Combat
  9630 | D:7      | Reached skill level 5 in Evocations
  9630 | D:7      | Reached XP level 10. HP: 38/74 MP: 8/20
  9634 | D:7      | Reached skill level 7 in Dodging
  9918 | D:8      | Found a staircase to the Lair.
  9933 | D:8      | Reached skill level 7 in Stealth
  9933 | D:8      | Reached skill level 6 in Invocations
 10217 | D:8      | Got Udionkumu's Papyrus of the Charged Swarm
 10626 | D:8      | Found a shimmering blue altar of Sif Muna.
 11431 | D:9      | Found a blossoming altar of Fedhas.
 11529 | D:9      | Noticed a two-headed ogre
 11532 | D:9      | Killed a two-headed ogre
 11869 | D:9      | Noticed Maurice
 11875 | D:9      | Killed Maurice
 12153 | D:9      | Found an ancient bone altar of Kikubaaqudgha.
 12210 | D:9      | Reached skill level 6 in Fighting
 12210 | D:9      | Reached skill level 6 in Short Blades
 12210 | D:9      | Reached skill level 6 in Long Blades
 12210 | D:9      | Reached skill level 6 in Axes
 12210 | D:9      | Reached skill level 6 in Maces & Flails
 12210 | D:9      | Reached skill level 6 in Polearms
 12210 | D:9      | Reached skill level 6 in Staves
 12210 | D:9      | Reached skill level 6 in Ranged Weapons
 12210 | D:9      | Reached skill level 6 in Throwing
 12210 | D:9      | Reached skill level 6 in Armour
 12210 | D:9      | Reached skill level 6 in Shields
 12210 | D:9      | Reached skill level 6 in Unarmed Combat
 12210 | D:9      | Reached skill level 6 in Evocations
 12271 | D:9      | Reached skill level 5 in Hexes
 12271 | D:9      | Reached skill level 5 in Summonings
 12271 | D:9      | Reached skill level 5 in Necromancy
 12271 | D:9      | Reached skill level 5 in Translocations
 12271 | D:9      | Reached skill level 5 in Transmutations
 12271 | D:9      | Reached skill level 5 in Fire Magic
 12271 | D:9      | Reached skill level 5 in Ice Magic
 12271 | D:9      | Reached skill level 5 in Air Magic
 12271 | D:9      | Reached skill level 5 in Earth Magic
 12271 | D:9      | Reached skill level 5 in Poison Magic
 12271 | D:9      | Reached XP level 11. HP: 70/81 MP: 4/22
 12448 | D:9      | Reached skill level 8 in Spellcasting
 12696 | D:10     | Entered Level 10 of the Dungeon
 12734 | D:10     | Reached * piety under Ashenzari
 12784 | D:10     | Noticed a centaur warrior
 12789 | D:10     | Noticed a deep elf pyromancer
 12795 | D:10     | Killed a centaur warrior
 13095 | D:9      | Reached ** piety under Ashenzari
 13147 | D:10     | Reached skill level 9 in Conjurations
 13147 | D:10     | Reached skill level 7 in Invocations
 13265 | D:10     | Noticed a cyclops
 13268 | D:10     | Noticed a cyclops
 13271 | D:10     | Killed a cyclops
 13272 | D:10     | Reached skill level 8 in Dodging
 13275 | D:10     | Killed a cyclops
 13498 | D:10     | Noticed a cyclops
 13511 | D:10     | Killed a cyclops
 13646 | D:10     | Reached skill level 8 in Stealth
 13820 | D:10     | Noticed a centaur warrior
 13831 | D:10     | Killed a centaur warrior
 14071 | D:10     | Noticed a stone giant
 14079 | D:10     | Killed a stone giant
 14080 | D:10     | Reached skill level 7 in Ranged Weapons
 14369 | D:10     | Found an opulent altar of Gozag.
 14536 | D:10     | Killed a deep elf pyromancer
 14537 | D:10     | Reached skill level 7 in Fighting
 14537 | D:10     | Reached skill level 7 in Short Blades
 14537 | D:10     | Reached skill level 7 in Long Blades
 14537 | D:10     | Reached skill level 7 in Axes
 14537 | D:10     | Reached skill level 7 in Maces & Flails
 14537 | D:10     | Reached skill level 7 in Polearms
 14537 | D:10     | Reached skill level 7 in Staves
 14537 | D:10     | Reached skill level 7 in Throwing
 14537 | D:10     | Reached skill level 7 in Armour
 14537 | D:10     | Reached skill level 7 in Shields
 14537 | D:10     | Reached skill level 7 in Unarmed Combat
 14537 | D:10     | Reached skill level 7 in Evocations
 14917 | D:10     | Reached XP level 12. HP: 91/91 MP: 9/24
 15365 | D:11     | Reached skill level 6 in Hexes
 15365 | D:11     | Reached skill level 6 in Summonings
 15365 | D:11     | Reached skill level 6 in Necromancy
 15365 | D:11     | Reached skill level 6 in Translocations
 15365 | D:11     | Reached skill level 6 in Transmutations
 15365 | D:11     | Reached skill level 6 in Fire Magic
 15365 | D:11     | Reached skill level 6 in Ice Magic
 15365 | D:11     | Reached skill level 6 in Air Magic
 15365 | D:11     | Reached skill level 6 in Earth Magic
 15365 | D:11     | Reached skill level 6 in Poison Magic
 15522 | D:11     | Reached skill level 8 in Invocations
 15800 | D:11     | Reached skill level 9 in Spellcasting
 16016 | D:11     | Reached skill level 8 in Ranged Weapons
 16652 | Lair:1   | Entered Level 1 of the Lair of Beasts
 16964 | Lair:1   | Reached skill level 9 in Dodging
 17163 | Lair:1   | Identified a scroll of acquirement
 17512 | Lair:1   | Reached skill level 9 in Stealth
 17739 | Lair:1   | Noticed Urug
 17746 | Lair:1   | Killed Urug
 18246 | Lair:2   | Reached skill level 8 in Fighting
 18246 | Lair:2   | Reached skill level 8 in Short Blades
 18246 | Lair:2   | Reached skill level 8 in Long Blades
 18246 | Lair:2   | Reached skill level 8 in Axes
 18246 | Lair:2   | Reached skill level 8 in Maces & Flails
 18246 | Lair:2   | Reached skill level 8 in Polearms
 18246 | Lair:2   | Reached skill level 8 in Staves
 18246 | Lair:2   | Reached skill level 9 in Ranged Weapons
 18246 | Lair:2   | Reached skill level 8 in Throwing
 18246 | Lair:2   | Reached skill level 8 in Armour
 18246 | Lair:2   | Reached skill level 8 in Shields
 18246 | Lair:2   | Reached skill level 8 in Unarmed Combat
 18246 | Lair:2   | Reached skill level 8 in Evocations
 19208 | Lair:2   | Reached *** piety under Ashenzari
 19246 | Lair:3   | Noticed a boulder beetle
 19247 | Lair:3   | Reached XP level 13. HP: 103/103 MP: 20/28
 19380 | Lair:3   | Reached skill level 9 in Invocations
 19462 | Lair:3   | Reached skill level 10 in Conjurations
 19688 | Lair:3   | Found the ring of Shadows {Umbra +Inv Stlth+}
 19721 | Lair:3   | Found a staircase to the Shoals.
 20176 | Lair:3   | Reached skill level 7 in Hexes
 20176 | Lair:3   | Reached skill level 7 in Summonings
 20176 | Lair:3   | Reached skill level 7 in Necromancy
 20176 | Lair:3   | Reached skill level 7 in Translocations
 20176 | Lair:3   | Reached skill level 7 in Transmutations
 20176 | Lair:3   | Reached skill level 7 in Fire Magic
 20176 | Lair:3   | Reached skill level 7 in Ice Magic
 20176 | Lair:3   | Reached skill level 7 in Air Magic
 20176 | Lair:3   | Reached skill level 7 in Earth Magic
 20176 | Lair:3   | Reached skill level 7 in Poison Magic
 20463 | Lair:3   | Noticed a dire elephant
 20532 | Lair:3   | Found a hole to the Spider Nest.
 20722 | Lair:3   | Killed a dire elephant
 21065 | Lair:3   | Reached skill level 10 in Ranged Weapons
 21131 | Lair:3   | Reached skill level 10 in Spellcasting
 22248 | Lair:4   | Reached skill level 10 in Dodging
 23161 | Lair:4   | Reached skill level 9 in Fighting
 23161 | Lair:4   | Reached skill level 9 in Short Blades
 23161 | Lair:4   | Reached skill level 9 in Long Blades
 23161 | Lair:4   | Reached skill level 9 in Axes
 23161 | Lair:4   | Reached skill level 9 in Maces & Flails
 23161 | Lair:4   | Reached skill level 9 in Polearms
 23161 | Lair:4   | Reached skill level 9 in Staves
 23161 | Lair:4   | Reached skill level 9 in Throwing
 23161 | Lair:4   | Reached skill level 9 in Armour
 23161 | Lair:4   | Reached skill level 9 in Shields
 23161 | Lair:4   | Reached skill level 9 in Unarmed Combat
 23161 | Lair:4   | Reached skill level 9 in Evocations
 23314 | Lair:5   | Entered Level 5 of the Lair of Beasts
 23321 | Lair:5   | Reached skill level 10 in Stealth
 23507 | Lair:4   | Reached XP level 14. HP: 63/111 MP: 2/30
 23637 | Lair:4   | Reached **** piety under Ashenzari
 23677 | Lair:5   | Reached skill level 10 in Invocations
 23700 | Lair:5   | Reached skill level 11 in Ranged Weapons
 24835 | Lair:5   | Reached skill level 8 in Hexes
 24835 | Lair:5   | Reached skill level 8 in Summonings
 24835 | Lair:5   | Reached skill level 8 in Necromancy
 24835 | Lair:5   | Reached skill level 8 in Translocations
 24835 | Lair:5   | Reached skill level 8 in Transmutations
 24835 | Lair:5   | Reached skill level 8 in Fire Magic
 24835 | Lair:5   | Reached skill level 8 in Ice Magic
 24835 | Lair:5   | Reached skill level 8 in Air Magic
 24835 | Lair:5   | Reached skill level 8 in Earth Magic
 24835 | Lair:5   | Reached skill level 8 in Poison Magic
 25297 | Lair:5   | Found a staircase to the Slime Pits.
 25811 | Lair:5   | Found a burning altar of Makhleb.
 26073 | Lair:5   | Reached skill level 11 in Spellcasting
 26253 | Lair:5   | Found a gateway to Hell.
 26940 | D:11     | Reached skill level 12 in Ranged Weapons
 27078 | D:12     | Noticed Fannar
 27089 | D:12     | Killed Fannar
 27414 | D:12     | Found a staircase to the Orcish Mines.
 27509 | D:12     | Identified the +1 executioner's axe "Wagurphei" {venom,
                  | *Rage rC+ Str+7 SInv}
 27653 | D:12     | Reached skill level 11 in Dodging
 27653 | D:12     | Reached skill level 11 in Conjurations
 27654 | D:12     | Reached skill level 10 in Fighting
 27654 | D:12     | Reached skill level 10 in Short Blades
 27654 | D:12     | Reached skill level 10 in Long Blades
 27654 | D:12     | Reached skill level 10 in Axes
 27654 | D:12     | Reached skill level 10 in Maces & Flails
 27654 | D:12     | Reached skill level 10 in Polearms
 27654 | D:12     | Reached skill level 10 in Staves
 27654 | D:12     | Reached skill level 10 in Throwing
 27654 | D:12     | Reached skill level 10 in Armour
 27654 | D:12     | Reached skill level 10 in Shields
 27654 | D:12     | Reached skill level 10 in Unarmed Combat
 27654 | D:12     | Reached skill level 10 in Evocations
 27868 | Orc:1    | Entered Level 1 of the Orcish Mines
 27870 | Orc:1    | Noticed an orc warlord
 28009 | D:12     | Killed an orc warlord
 28426 | D:12     | Reached XP level 15. HP: 93/120 MP: 4/32
 28552 | Orc:1    | Found Haqus's Distillery.
 28662 | Orc:1    | Found Oxaidod's Weapon Boutique.
 28670 | Orc:1    | Reached skill level 11 in Invocations
 28834 | Orc:1    | Found Zorph's Antique Armour Boutique.
 28929 | Orc:1    | Found Mufuded's Assorted Antiques.
 28948 | Orc:1    | Found Biatz's CLEARANCE SALE!.
 29030 | Orc:2    | Entered Level 2 of the Orcish Mines
 29560 | Orc:2    | Identified a +1 robe of the Archmagi
 29564 | Orc:2    | Reached skill level 11 in Stealth
 29600 | Orc:2    | Noticed Erolcha
 29615 | Orc:2    | Killed Erolcha
 30714 | Orc:2    | Found a staircase to the Elven Halls.
 30828 | Orc:2    | Found Bostuuf's Armour Shoppe.
 30832 | Orc:2    | Found Wahig's Distillery.
 30832 | Orc:2    | Found Evupn's Distillery.
 30871 | Orc:2    | Reached skill level 13 in Ranged Weapons
 30956 | Orc:2    | Found Anaeclot's Antique Weapon Shop.
 31184 | Orc:2    | Bought a potion of cancellation for 136 gold pieces
 31184 | Orc:2    | Bought a potion of haste for 170 gold pieces
 31195 | Orc:2    | Bought a potion of heal wounds for 55 gold pieces
 31195 | Orc:2    | Bought a potion of haste for 110 gold pieces
 31246 | Orc:1    | Bought 2 potions of haste for 280 gold pieces
 31246 | Orc:1    | Acquired the Teachings on Petrous Hexes
 31254 | Orc:1    | Learned a level 5 spell: Lee's Rapid Deconstruction
 31254 | Orc:1    | Upgraded the game from 0.29-a0-887-gcbe080d7e0 to
                  | 0.29-a0-892-g2c4c91d9db
 31295 | D:13     | Identified +0 acid dragon scales
 31475 | D:13     | Learned a level 6 spell: Starburst
 32880 | D:14     | Reached skill level 9 in Hexes
 32880 | D:14     | Reached skill level 9 in Summonings
 32880 | D:14     | Reached skill level 9 in Necromancy
 32880 | D:14     | Reached skill level 9 in Translocations
 32880 | D:14     | Reached skill level 9 in Transmutations
 32880 | D:14     | Reached skill level 9 in Fire Magic
 32880 | D:14     | Reached skill level 9 in Ice Magic
 32880 | D:14     | Reached skill level 9 in Air Magic
 32880 | D:14     | Reached skill level 9 in Earth Magic
 32880 | D:14     | Reached skill level 9 in Poison Magic
 32914 | D:14     | Identified a +0 robe of resistance
 33029 | D:14     | Found a gate to the Vaults.
 34151 | D:14     | HP: 11/117 [stone giant (36)]
 34723 | D:14     | Reached skill level 12 in Spellcasting
 34723 | D:14     | Reached XP level 16. HP: 124/124 MP: 29/32
 34812 | D:14     | HP: 8/124 [efreet/fireball (23)]
 35207 | D:14     | Reached skill level 11 in Fighting
 35207 | D:14     | Reached skill level 11 in Short Blades
 35207 | D:14     | Reached skill level 11 in Long Blades
 35207 | D:14     | Reached skill level 11 in Axes
 35207 | D:14     | Reached skill level 11 in Maces & Flails
 35207 | D:14     | Reached skill level 11 in Polearms
 35207 | D:14     | Reached skill level 11 in Staves
 35207 | D:14     | Reached skill level 11 in Throwing
 35207 | D:14     | Reached skill level 11 in Armour
 35207 | D:14     | Reached skill level 11 in Shields
 35207 | D:14     | Reached skill level 11 in Unarmed Combat
 35207 | D:14     | Reached skill level 11 in Evocations
 35696 | D:15     | Entered Level 15 of the Dungeon
 35726 | D:15     | Reached skill level 12 in Invocations
 35743 | D:15     | Reached skill level 12 in Dodging
 36273 | D:15     | Found Ehopnux's Antique Weapon Shop.
 36288 | D:15     | Found Tuxkuv's Jewellery Emporium.
 36370 | D:15     | Found Zownesuty's General Store.
 36405 | D:15     | Reached skill level 14 in Ranged Weapons
 36630 | D:15     | Found Venim's Assorted Antiques.
 36846 | D:15     | Found a shimmering blue altar of Sif Muna.
 36933 | D:15     | Identified Sif Muna's Teachings on Attacks
 37312 | D:15     | Reached skill level 12 in Stealth
 37510 | D:15     | Found a staircase to the Depths.
 37520 | D:15     | Learned a level 6 spell: Statue Form
 37553 | D:15     | Identified the cursed +0 pair of boots of the Visionary
                  | Heresy {Melee, Evo} (You found it on level 2 of the Lair of
                  | Beasts)
 37750 | Spider:1 | Entered Level 1 of the Spider Nest
 40731 | Spider:1 | Reached skill level 12 in Conjurations
 41476 | Spider:2 | Found a runed translucent door.
 41482 | Spider:2 | Noticed Vorhees's ghost (adept TrGl)
 42900 | Spider:3 | Noticed Arachne
 42910 | Spider:3 | Killed from afar by Arachne

Vanquished Creatures
  A fire giant (D:14)
  2 ghost moths
  An orc warlord (D:12)
  2 stone giants
  3 entropy weavers (Spider:1)
  A dire elephant (Lair:3)
  A yaktaur captain (D:14)
  Fannar (D:12)
  6 boulder beetles
  2 rakshasas (D:15)
  Erolcha (Orc:2)
  9 hydras
  10 two-headed ogres
  2 ogre magi (Orc:2)
  5 centaur warriors
  2 catoblepae
  A satyr (shapeshifter) (D:14)
  3 tengu warriors
  Urug (Lair:1)
  A sun demon (Lair:5)
  An iron troll (Orc:2)
  3 pharaoh ants
  A glowing orange brain (D:15)
  A deep troll (Orc:2)
  2 orb spiders (Spider:1)
  4 wizards
  2 orc knights
  3 deep elf pyromancers
  A manticore (D:14)
  5 wolf spiders
  20 ugly things
  4 oklob plants (Lair:4)
  14 elephants
  A manticore (shapeshifter) (D:14)
  2 orc sorcerers
  10 cyclopes
  A moth of wrath (Spider:1)
  7 black mambas
  Maurice (D:9)
  Joseph (D:7)
  A merfolk siren (Lair:3)
  A gargoyle (D:11)
  A smoke demon (Lair:5)
  3 torpor snails
  10 cane toads
  2 efreet (D:14)
  2 unseen horror zombies (D:9)
  An unseen horror (D:11)
  An orange demon (Lair:5)
  A komodo dragon (shapeshifter) (D:10)
  A tengu conjurer (D:15)
  3 kobold demonologists
  5 rime drakes
  5 komodo dragons
  5 demonic crawlers
  A freezing wraith (D:14)
  3 red devils (Lair:5)
  2 ice devils (Lair:5)
  2 polar bears
  15 trolls
  13 tarantellas
  2 hornets
  6 slime creatures
  10 blink frogs
  2 tarantellas (shapeshifter)
  3 culicivoras
  24 jumping spiders
  A shadow (D:10)
  3 wyverns
  A centaur simulacrum (D:10)
  53 yaks
  9 wraiths
  An unseen horror simulacrum (D:10)
  13 vampire mosquitoes
  A steam dragon (Lair:3)
  13 redbacks
  6 basilisks
  5 wargs
  An acid dragon (D:13)
  22 water moccasins
  A floating eye (Lair:4)
  4 hell hounds (Lair:5)
  An ice beast (D:5)
  2 black bears
  22 orc warriors
  A swamp drake (shapeshifter) (D:10)
  A boggart (D:14)
  25 wolves
  20 ogres
  5 centaurs
  A phantom (D:6)
  4 kobold brigands
  A gnoll sergeant (D:7)
  11 bullfrogs
  A necrophage (D:9)
  4 scorpions
  3 wights (D:6)
  6 killer bees
  8 howler monkeys
  3 centaur zombies
  2 human zombies
  3 hounds
  2 jellies
  A gnoll bouda (D:3)
  15 orc priests
  4 iguanas
  35 orc wizards
  A hell rat (Lair:5)
  A killer bee zombie (D:9)
  6 mummies
  2 howler monkey zombies (D:9)
  11 gnolls
  11 adders
  3 river rats
  3 white imps
  An ufetubus (D:6)
  5 worms
  3 dart slugs
  58 orcs
  An orc (shapeshifter) (D:15)
  12 ball pythons
  5 bats
  7 endoplasms
  4 giant cockroaches
  A gnoll zombie (Ossuary)
  7 goblins
  4 hobgoblins
  7 jackals
  6 quokkas
  4 frilled lizards
  4 goblin zombies
  A hobgoblin zombie (Ossuary)
  12 kobolds
  An orc zombie (Ossuary)
  10 rats
770 creatures vanquished.

Vanquished Creatures (others)
  A hydra (D:14)
  A bush (Lair:5)
  104 fulminant prisms
  31 fungi
  53 plants
190 creatures vanquished.

Grand Total: 960 creatures vanquished
